 Dungeon Crawl Stone Soup version 0.20-a0-854-g0cc194a (console) character file.

420 nht the Cleaver (level 6, 0/50 HPs)
             Began as a Hill Orc Gladiator on Mar 11, 2017.
             Was a Follower of Wu Jian.
             Slain by nht's ghost (6 damage)
             ... on level 4 of the Dungeon.
             The game lasted 00:03:56 (2555 turns).

nht the Cleaver (Hill Orc Gladiator)                Turns: 2555, Time: 00:03:57

Health: 0/50       AC:  6    Str: 22    XL:     6   Next: 94%
Magic:  6/6        EV: 12    Int: 10    God:    Wu Jian [*.....]
Gold:   247        SH:  0    Dex: 12    Spells: 5/5 levels left

rFire    + . .     SeeInvis .   a - +0 war axe
rCold    . . .     Gourm    .   b - +0 leather armour
rNeg     . . .     Faith    .   (no shield)
rPois    +         Spirit   .   c - +0 helmet
rElec    .         Reflect  .   (no cloak)
rCorr    .         Harm     .   o - +1 pair of gloves
MR       .....                  (no boots)
Stlth    +.........             (no amulet)
Regen    0.2/turn               (no ring)
MPRegen  0.1/turn               e - ring of protection from fire

@: mighty
A: talons 1, clever 1, poison resistance, weak 1
a: Renounce Religion


You were on level 4 of the Dungeon.
You worshipped Wu Jian.
Wu Jian was aware of your devotion.
You were not hungry.

You visited 1 branch of the dungeon, and saw 4 of its levels.

You collected 247 gold pieces.

Inventory:

Hand Weapons
 a - a +0 war axe (weapon)
Missiles
 d - 3 throwing nets (quivered)
Armour
 b - a +0 leather armour (worn)
 c - a +0 helmet (worn)
 o - a +1 pair of gloves (worn)
Jewellery
 e - a ring of protection from fire (left hand)
 g - an uncursed ring of resist corrosion {unknown}
 p - an uncursed ring of fire
Wands
 s - a wand of lightning (1/15)
Scrolls
 k - a scroll of identify
 n - 4 scrolls of remove curse
 q - a scroll of enchant weapon {unknown}
 t - a scroll of recharging {unknown}
 v - a scroll of magic mapping {unknown}
Comestibles
 f - 3 bread rations
 h - a meat ration
 l - a royal jelly


   Skills:
 - Level 2.4 Fighting
 + Level 9.9 Axes
 - Level 1.7 Throwing
 - Level 2.4 Dodging


You had 5 spell levels left.
You didn't know any spells.

Dungeon Overview and Level Annotations

Branches:
Dungeon (4/15)
 Temple: D:4-7

Altars:
Dithmenos
Gozag
Kikubaaqudgha
Ru
Wu Jian

Shops:
D:2 *

Annotations:
D:4 nht's ghost, amateur HOGl


Innate Abilities, Weirdness & Mutations

You have sharp toenails.
Your mind is acute. (Int +2)
Your system is resistant to poisons. (rPois)
You are weak. (Str -2)


Message History

Unknown command.
You spin and attack the orc priest.
You hit the orc priest.
You kill the orc priest!
The Council accepts your kill.
The jackal bites you but does no damage.
You spin to attack nht's ghost, but your attack speed is too slow for a blow to land.
Nht's ghost barely misses you.
The jackal bites you but does no damage.
You see here a hand axe.
You spin and attack nht's ghost.
You hit nht's ghost.
Nht's ghost is moderately damaged.
Nht's ghost hits you but does no damage.
You spin and attack the jackal.
You closely miss the jackal. You claw the jackal.
You kill the jackal!
The Council accepts your kill.
You spin and attack nht's ghost.
You hit nht's ghost but do no damage.
Nht's ghost is moderately damaged.
Nht's ghost hits you.
You die...

!..██ .. .....
█.█ █.█.. █.█
█.█.█ ████.█
█.█.█ ..█.█
█.█.█
█.█.███.█.█
█.█)██..)W█
██......█@.█
█.███....██...██
█............██
████....█████
██.█.█ █.█.█
██.█.. ██..█...
█..███...


You could see nht's ghost.

Vanquished Creatures
  Sigmund (D:3)
  A centaur skeleton (D:3)
  An orc priest (D:4)
  A hound (D:4)
  Ijyb (D:3)
  A worker ant (D:4)
  4 gnolls (D:3)
  3 adders (D:3)
  A dart slug (D:2)
  A leopard gecko (D:2)
  2 orcs (D:3)
  A ball python (D:3)
  10 bats
  3 giant cockroaches (D:3)
  3 hobgoblins (D:1)
  4 jackals
  3 quokkas
  7 frilled lizards
  13 goblins
  5 kobolds
  11 rats
77 creatures vanquished.

Notes
Turn   | Place    | Note
-------+----------+-------------------------------------------
     0 | D:1      | nht the Hill Orc Gladiator began the quest for the Orb.
     0 | D:1      | Reached XP level 1. HP: 18/18 MP: 1/1
   285 | D:1      | Reached XP level 2. HP: 25/25 MP: 2/2
   336 | D:1      | Reached skill level 5 in Axes
   829 | D:2      | Found an ornate altar of the Wu Jian Council.
   831 | D:2      | Reached XP level 3. HP: 30/30 MP: 3/3
   853 | D:2      | Became a worshipper of the Wu Jian Council
  1064 | D:2      | Found an opulent altar of Gozag.
  1068 | D:2      | Found Gozag's Platinum Reserve.
  1237 | D:2      | Found an ancient bone altar of Kikubaaqudgha.
  1482 | D:2      | Reached skill level 6 in Axes
  1606 | D:3      | Reached XP level 4. HP: 30/37 MP: 4/4
  1675 | D:3      | Found a shadowy altar of Dithmenos.
  1691 | D:3      | Noticed Sigmund
  1695 | D:3      | Gained mutation: Your system is resistant to poisons. (rPois) [potion of mutation]
  1695 | D:3      | Gained mutation: You are weak. (Str -2) [potion of mutation]
  1695 | D:3      | Gained mutation: You have sharp toenails. [potion of mutation]
  1695 | D:3      | Gained mutation: Your mind is acute. (Int +2) [potion of mutation]
  1729 | D:3      | Killed Sigmund
  1729 | D:3      | Reached skill level 8 in Axes
  1729 | D:3      | Reached XP level 5. HP: 3/42 MP: 5/5
  1729 | D:3      | Reached XP level 6. HP: 4/50 MP: 6/6
  1906 | D:3      | Found a sacrificial altar of Ru.
  1946 | D:3      | Noticed Ijyb
  1949 | D:3      | Reached * piety under Wu Jian
  1956 | D:3      | Killed Ijyb
  1958 | D:3      | Reached skill level 9 in Axes
  2540 | D:4      | Noticed nht's ghost (amateur HOGl)
  2555 | D:4      | Slain by nht's ghost

Vault maps used:
D:1:      dpeg_cavernosity
D:2:      lemuel_crystal_altar, nicolae_overflow_crystal_walls,
          hangedman_decor_push, nicolae_gozag_zags_fifth_avenue
D:3:      lemuel_round_altar, nicolae_dithmenos_shadow_blocks, first_bread,
          uniq_sigmund, uniq_iyjb
D:4:      temple_hall, nrook_mini_backslash, st_stairs_12, uniq_grinder

Skill      XL: |  1  2  3  4  5  6 |
---------------+-------------------+-----
Axes           | 5 6 8 9 |  9.9
Fighting       | |  2.4
Throwing       | |  1.7
Dodging        | |  2.4

Action                   |  1- 3 |  4- 6 || total
-------------------------+-------+-------++-------
Melee: War axe           |   129 |   102 ||   231
       Kick              |       |    13 ||    13
Throw: Throwing net      |     1 |       ||     1
Evoke: Wand              |       |     4 ||     4
  Use: Potion            |       |    10 ||    10
       Scroll            |       |     4 ||     4
 Stab: Held in net/web   |     2 |       ||     2
  Eat: Chunk             |     2 |     4 ||     6
Armor: Leather armour    |    63 |    36 ||    99
       Skin              |       |    23 ||    23
Dodge: Dodged            |    90 |    72 ||   162
